 Dungeon Crawl Stone Soup version 0.19-a0-1908-g43c011f (webtiles) character file.

5029 HEYYEYAAE the Basher (level 10, 0/98 HPs)
             Began as a Troll Berserker on Oct 22, 2016.
             Was a High Priest of Trog.
             Slain by a troll (11 damage)
             ... on level 10 of the Dungeon.
             The game lasted 00:12:37 (6943 turns).

HEYYEYAAE the Basher (Troll Berserker)              Turns: 6943, Time: 00:12:38

Health: 0/98       AC:  7    Str: 30    XL:     10   Next: 30%
Magic:  0/11       EV: 12    Int:  7    God:    Trog [*****.]
Gold:   459        SH:  0    Dex:  9    Spells: 0 memorised, 9 levels left

rFire  . . .     SeeInvis .     k - +4 dire flail (freeze)
rCold  . . .     Gourm    +     I - +1 robe "Maiw" {rElec MR++}
rNeg   . . .     Faith    .     (shield currently unavailable)
rPois  .         Spirit   +     (helmet restricted)
rElec  +         Reflect  .     r - +0 cloak
rCorr  .         Harm     .     (gloves unavailable)
MR     ++...                    (boots unavailable)
Stlth  +.........               f - amulet of guardian spirit
                                (no ring)
                                o - +4 ring of intelligence

@: exhausted, slowed, very slow
A: unfitting armour, claws 3, fast metabolism 3, gourmand, regeneration 1,
shaggy fur 1, tough skin 2
a: Berserk, Trog's Hand, Brothers in Arms, Burn Spellbooks, Renounce Religion


You were on level 10 of the Dungeon.
You worshipped Trog.
Trog was extremely pleased with you.
You were very full.

You visited 1 branch of the dungeon, and saw 10 of its levels.
You also visited: Bailey.

You collected 459 gold pieces.

Inventory:

Hand Weapons
 k - a +4 dire flail of freezing (weapon)
 u - a +1 flail of draining
 C - a +1 mace of draining
 M - a +0 flail of holy wrath
 N - a +2 vampiric whip
Armour
 r - a +0 cloak (worn)
 I - the +1 robe "Maiw" (worn) {rElec MR++}
   (You found it on level 8 of the Dungeon)

   It insulates you from electricity.
   It affects your resistance to hostile enchantments.
Jewellery
 f - an amulet of guardian spirit (around neck)
 o - a +4 ring of intelligence (left claw)
Wands
 a - a wand of lightning (2/15)
 b - a wand of slowing (26/48)
 n - a wand of flame (15/48)
 v - a wand of flame (30/48)
 x - a wand of polymorph (6/24)
 y - a wand of flame (7/48)
 B - a wand of lightning (9/15)
 F - a wand of flame (27/48)
 H - a wand of slowing (31/48)
Scrolls
 i - 4 scrolls of remove curse
 m - a scroll of fog
 q - 2 scrolls of teleportation
 s - a scroll of immolation {unknown}
 J - a scroll of acquirement {unknown}
Potions
 e - 4 potions of resistance
 h - 3 potions of brilliance
 j - a potion of might
 t - 3 potions of cancellation
 w - a potion of cure mutation {unknown}
 z - a potion of magic {unknown}
 A - 2 potions of flight {unknown}
 E - a potion of agility {unknown}
 G - a potion of curing
 L - a potion of mutation {unknown}
Books
 l - a book of Misfortune

   Spells                             Type                      Level
   a - Confusing Touch                Hexes                        1
   b - Confuse                        Hexes                        3
   c - Gell's Gravitas                Hexes/Translocation          3
   d - Petrify                        Transmutation/Earth          4
   e - Metabolic Englaciation         Hexes/Ice                    5
   f - Yara's Violent Unravelling     Hexes/Transmutation          5
   Trog disapproves of the use of such an item.
Comestibles
 c - 7 bread rations
 d - 5 meat rations
 g - 3 beef jerkies
 p - a slice of pizza
 K - 3 chunks of flesh


   Skills:
 + Level 5.9 Fighting
 * Level 9.0 Maces & Flails
 + Level 5.0 Armour
 + Level 6.0 Dodging
 + Level 3.4 Evocations


You had 9 spell levels left.
You didn't know any spells.

Dungeon Overview and Level Annotations

Branches:
Dungeon (10/15)            Temple (0/1) D:7
   Lair: D:8-11         Orc: D:9-12

Altars:
Ashenzari
Gozag
Kikubaaqudgha
Trog
Uskayaw
Zin

Shops:
D:5 (   D:9 =


Innate Abilities, Weirdness & Mutations

You are too large for most types of armour.
You have claws for hands.
Your metabolism is lightning-fast.
You like to eat raw meat.
Your natural rate of healing is unusually fast.
You are covered in fur. (AC +1)
You have very tough skin. (AC +2)


Message History

The yak barely misses you. x3; The yak gores you!
* * * LOW HITPOINT WARNING * * *
Evoke which item? (* to show all) (? for menu, Esc to quit)
Okay, then.
It was a potion of curing.
You feel better.
Your surroundings suddenly seem different.
The troll shouts!
The orc priest shouts!
The orc warrior hits you from afar with a halberd!
* * * LOW HITPOINT WARNING * * *
The troll misses you. The troll claws you.
* * * LOW HITPOINT WARNING * * *
The troll claws you but does no damage. The orc hits you but does no damage.
Unknown command.
Unknown command.
Unknown command.
Unknown command.
The orc closely misses you. The orc hits you with a war axe!
* * * LOW HITPOINT WARNING * * *
The troll barely misses you. The troll claws you!
You die...

##.....##..... #
##............(. #####
#..............[.#....
#....5...........#.#.#
#(.................#.#
#.......o............#
#....o.o............##
#....o.O..(.......#...
##...@T.o.......#.####
##....†#......## #
##.###..###### # # #.
##.## ####.# #.
#..#####..^.# #:
#.#...##.####
#.#..#...#..#
#...##.....## #.##
#...###


You could see a troll, an orc warrior, an ogre, an orc priest, a shadow imp and
3 orcs.

Vanquished Creatures
  An unseen horror (D:10)
  A torpor snail (Bailey)
  The ghost of Nuatha the Poker, an amateur DrAK of Lugonu (D:4)
  A troll (D:9)
  Prince Ribbit (D:6)
  A hippogriff (D:8)
  The ghost of crawlian the Firebug, an amateur DEFE of Sif Muna (D:7)
  Sigmund (D:4)
  Menkaure (D:6)
  A water moccasin (D:5)
  2 orc warriors
  An ice beast (D:5)
  Duvessa (D:6)
  2 phantoms
  4 centaurs
  A crocodile (D:10)
  2 big kobolds
  5 bullfrogs
  Dowan (D:6)
  A scorpion (D:5)
  4 killer bees (D:7)
  A howler monkey (D:7)
  5 wights (D:3)
  A jelly (D:5)
  3 orc priests
  7 hounds
  A bullfrog skeleton (D:8)
  5 orc wizards
  A centaur zombie (D:4)
  2 iguanas (D:4)
  6 worker ants
  5 worker ant zombies (D:4)
  4 gnolls (D:5)
  11 adders
  A howler monkey skeleton (D:5)
  3 adder skeletons
  3 adder zombies (D:4)
  4 worms
  A dart slug (D:2)
  3 leopard geckos
  17 orcs
  8 bats
  6 giant cockroaches
  5 goblins
  4 hobgoblins
  8 jackals
  3 quokkas
  4 ball pythons
  8 frilled lizards
  A jackal skeleton (D:4)
  A jackal zombie (D:4)
  17 kobolds
  A leopard gecko skeleton (D:4)
  A leopard gecko zombie (D:4)
  A quokka skeleton (D:4)
  8 rats
194 creatures vanquished.

Notes
Turn   | Place    | Note
-------+----------+-------------------------------------------
     0 | D:1      | HEYYEYAAE the Troll Berserker began the quest for the Orb.
     0 | D:1      | Reached XP level 1. HP: 22/22 MP: 0/0
   116 | D:1      | You fall through a shaft!
   140 | D:2      | Found a glowing silver altar of Zin.
   191 | D:2      | Reached skill level 3 in Maces & Flails
   232 | D:2      | Reached XP level 2. HP: 29/29 MP: 1/1
   380 | D:2      | Found a faded altar of an unknown god.
   424 | D:2      | Reached skill level 1 in Armour
   424 | D:2      | Reached XP level 3. HP: 29/36 MP: 2/2
   482 | D:2      | Reached ** piety under Trog
  1068 | D:1      | Reached XP level 4. HP: 35/44 MP: 3/3
  1743 | D:3      | Found an opulent altar of Gozag.
  1744 | D:3      | Found a hide-covered altar of Uskayaw.
  1749 | D:3      | Found a shattered altar of Ashenzari.
  1935 | D:3      | Reached XP level 5. HP: 53/53 MP: 2/4
  1937 | D:3      | Reached skill level 4 in Maces & Flails
  1949 | D:3      | Reached XP level 6. HP: 50/61 MP: 2/5
  2393 | D:4      | Noticed Sigmund
  2397 | D:4      | Reached *** piety under Trog
  2399 | D:4      | Killed Sigmund
  2451 | D:4      | Noticed Nuatha's ghost (amateur DrAK)
  2466 | D:4      | Killed Nuatha's ghost
  2466 | D:4      | Reached skill level 5 in Maces & Flails
  2466 | D:4      | Reached XP level 7. HP: 68/68 MP: 6/6
  2844 | D:4      | Found a bloodstained altar of Trog.
  2938 | D:5      | Entered Level 5 of the Dungeon
  3031 | D:5      | Found Banosel's Antique Weapon Shop.
  3116 | D:5      | Reached skill level 6 in Maces & Flails
  3123 | D:5      | Reached **** piety under Trog
  3218 | D:5      | Reached XP level 8. HP: 78/78 MP: 7/7
  3645 | D:5      | Reached skill level 1 in Evocations
  3900 | D:6      | Reached skill level 7 in Maces & Flails
  3936 | D:6      | Noticed Duvessa
  3943 | D:6      | Killed Duvessa
  3945 | D:6      | Noticed Dowan
  3948 | D:6      | Killed Dowan
  3974 | D:6      | Noticed Menkaure
  3977 | D:6      | Killed Menkaure
  3977 | D:6      | Reached skill level 5 in Dodging
  3977 | D:6      | Reached XP level 9. HP: 67/87 MP: 6/9
  4063 | D:6      | Noticed Prince Ribbit
  4068 | D:6      | Killed Prince Ribbit
  4068 | D:6      | Reached skill level 5 in Fighting
  4407 | D:6      | You fall through a shaft for 3 floors!
  4455 | D:9      | Noticed a troll
  4473 | D:9      | Killed a troll
  4556 | D:9      | Found Sitruduq's Jewellery Shop.
  4867 | D:9      | Found a flagged portal.
  5022 | Bailey   | Entered a bailey
  5022 | Bailey   | Noticed an orc knight
  5033 | Bailey   | Noticed a torpor snail
  5033 | Bailey   | an orc knight changed into a torpor snail
  5035 | Bailey   | Noticed an orc knight
  5042 | Bailey   | Killed a torpor snail
  5057 | Bailey   | Noticed an orc knight
  5381 | D:8      | Reached skill level 8 in Maces & Flails
  5737 | D:8      | Got a tattered robe
  5757 | D:8      | Identified the +1 robe "Maiw" {rElec MR++} (You found it on level 8 of the Dungeon)
  6104 | D:7      | Noticed crawlian's ghost (amateur DEFE)
  6113 | D:7      | Killed crawlian's ghost
  6299 | D:7      | Reached XP level 10. HP: 74/98 MP: 8/11
  6302 | D:7      | Reached ***** piety under Trog
  6542 | D:7      | Found a staircase to the Ecumenical Temple.
  6588 | D:7      | Found an ancient bone altar of Kikubaaqudgha.
  6737 | D:10     | Entered Level 10 of the Dungeon
  6923 | D:10     | Killed an unseen horror
  6923 | D:10     | Reached skill level 9 in Maces & Flails
  6923 | D:10     | Reached skill level 5 in Armour
  6943 | D:10     | Slain by a troll

Vault maps used:
D:1:      matt_arrival_spirals
D:2:      old_standard_altar, ecumenical_altar_1, corexii_shack,
          minmay_crystal_water
D:3:      minitemple, first_bread, minmay_distorted
D:4:      overflow_temple_1_default, serial_undead, serial_undead_b,
          serial_undead_d, serial_undead_f, serial_undead_d, serial_undead_d,
          kennysheep_cross_room, uniq_sigmund
D:5:      serial_shops, shop, minmay_misc_feat_nine_boxes
D:6:      uniq_duvessa, uniq_menkaure, uniq_prince_ribbit1
D:7:      basic_altar
D:9:      serial_shops, nicolae_shop_temple_entry_statues_fountains,
          enter_bailey_8
Bailey:   bailey_polearm_4, bailey

Skill      XL: |  1  2  3  4  5  6  7  8  9 10 |
---------------+-------------------------------+-----
Maces & Flails | 3 4 5 6 7 8 9 |  9.0
Armour         | 1 2 3 4 5 |  5.0
Dodging        | 3 4 5 6 |  6.0
Fighting       | 3 4 5 |  5.9
Evocations     | 1 3 |  3.4

Action                   |  1- 3 |  4- 6 |  7- 9 | 10-12 || total
-------------------------+-------+-------+-------+-------++-------
Melee: Mace              |    95 |    12 |       |       ||   107
       Flail             |       |    53 |       |       ||    53
       Dire flail        |       |    62 |   297 |    69 ||   428
Invok: Berserk           |       |     3 |     4 |     2 ||     9
Evoke: Wand              |       |     5 |     9 |     4 ||    18
  Use: Potion            |       |     1 |       |     4 ||     5
       Scroll            |       |       |    20 |     4 ||    24
 Stab: Sleeping          |     2 |       |       |       ||     2
  Eat: Chunk             |    10 |    11 |    43 |    12 ||    76
       Royal jelly       |       |       |     1 |       ||     1
Armor: Animal skin       |    51 |    34 |    58 |       ||   143
       Robe              |       |       |     3 |    29 ||    32
Dodge: Dodged            |    62 |    61 |   168 |    74 ||   365
